 Dungeon Crawl Stone Soup version 0.25.1-9-gc5326a611f (webtiles) character file.

Game seed: 10905026816536024856

107 LouBomba the Skirmisher (level 4, -1/40 HPs)
             Began as a Draconian Abyssal Knight on Jan 21, 2021.
             Was a Believer of Lugonu.
             Slain by 0gre's ghost (6 damage)
             ... on level 3 of the Dungeon.
             The game lasted 00:09:42 (2555 turns).

LouBomba the Skirmisher (Draconian Abyssal Knight)  Turns: 2555, Time: 00:09:43

Health: -1/40      AC:  5    Str: 15    XL:     4   Next: 57%
Magic:  6/6        EV: 12    Int: 13    God:    Lugonu [**....]
Gold:   65         SH:  0    Dex: 10    Spells: 3/3 levels left

rFire    . . .     SeeInvis .   p - +3 short sword
rCold    . . .     Gourm    .   (no shield)
rNeg     . . .     Faith    .   (armour unavailable)
rPois    .         Spirit   .   (helmet restricted)
rElec    .         Reflect  .   (no cloak)
rCorr    .         Harm     .   (no gloves)
MR       .....                  (no boots)
Stlth    +.........             (no amulet)
HPRegen  0.13/turn              (no ring)
MPRegen  0.10/turn              (no ring)

@: stab, hasted, very quick
A: unfitting armour, cold-blooded, AC +5
a: Depart the Abyss, Bend Space, Renounce Religion


You were on level 3 of the Dungeon.
You worshipped Lugonu.
Lugonu was pleased with you.
You were not hungry.

You visited 1 branch of the dungeon, and saw 3 of its levels.
You visited the Abyss 1 time.

You collected 65 gold pieces.

Inventory:

Hand Weapons
 a - a +1 hand axe
 h - a +1 short sword of electrocution
 n - a +0 hunting sling
 p - a +3 short sword (weapon)
Missiles
 g - 19 arrows
 m - 25 poisoned darts (quivered)
Armour
 j - a +0 robe
Wands
 f - a wand of polymorph (5)
Scrolls
 d - 6 scrolls of identify
 e - 4 scrolls of amnesia
Comestibles
 b - 2 rations
 l - 3 chunks of flesh


   Skills:
 + Level 4.2 Fighting
 + Level 0.6 Short Blades
 + Level 3.1 Axes
 + Level 2.6 Dodging
 + Level 2.8 Invocations


You had 3 spell levels left.
You didn't know any spells.
Your spell library was empty.

Dungeon Overview and Level Annotations

Branches:
Dungeon (3/15)

Altars:
Vehumet

Annotations:
D:3 0gre's ghost, amateur GnWn


Innate Abilities, Weirdness & Mutations

Your plain brown scales are hard. (AC +5)
You cannot fit into any form of body armour.
You are cold-blooded and may be slowed by cold attacks.


Message History

0gre's ghost is moderately damaged.
The leopard gecko skeleton closely misses you.
The bullfrog zombie completely misses you.
You feel better. 0gre's ghost hits you.
* * * LOW HITPOINT WARNING * * *
The leopard gecko skeleton bites you.
* * * LOW HITPOINT WARNING * * *
You hit 0gre's ghost. 0gre's ghost is moderately damaged.
The bullfrog zombie barely misses you.
You hit 0gre's ghost. 0gre's ghost is heavily damaged.
The bullfrog zombie hits you!
* * * LOW HITPOINT WARNING * * *
0gre's ghost misses you.
The leopard gecko skeleton bites you but does no damage.
You hit 0gre's ghost.
You tail-slap 0gre's ghost. 0gre's ghost is severely damaged.
The bullfrog zombie closely misses you. 0gre's ghost hits you.
You die...

..###..........÷.#.......#)....#.
[......#########....>.....#....#.
..###..# #.#.......##....#.
.####..# #.................
<.÷....# ###.#.#.#.####....
.#####.## ##.####.## #.... .#
##...## ###§§## #.# ##.##
.###.....######§§§§.##*.# #.#
......[...##..§Z@§§..#*,* #.#
####......####'WZ###....#****#.#
##...#.##.......#..###*,,...#
##.##.###.....##...##*,##..#
######.##.##.......#..>.##.##..#
.......##.###.[(..##.....#.##..#
#########..#..#.#..#.......##..#
############.....#**#..#
#################.[.....#####..##


You could see 0gre's ghost, a bullfrog zombie and a leopard gecko skeleton.

Vanquished Creatures
  Jessica (D:2)
  3 adders
  An adder zombie (D:3)
  2 worms (D:2)
  A leopard gecko (D:2)
  An orc (D:3)
  A ball python (D:1)
  3 giant cockroaches
  3 goblins
  3 hobgoblins
  A quokka (D:3)
  8 bats
  3 frilled lizards
  8 kobolds
  7 rats
46 creatures vanquished.

Notes
Turn   | Place    | Note
-------+----------+-------------------------------------------
     0 | Abyss:1  | LouBomba the Draconian Abyssal Knight began the quest for
                  | the Orb.
     0 | Abyss:1  | Reached XP level 1. HP: 19/19 MP: 2/2
    54 | Abyss:1  | Noticed a flying skull
    57 | Abyss:1  | Noticed a smoke demon
    63 | D:1      | Escaped the Abyss
   437 | D:1      | Reached * piety under Lugonu
   649 | D:1      | Reached XP level 2. HP: 19/26 MP: 3/3
   973 | D:1      | You fall into a shaft and drop 1 floor!
  1022 | D:2      | Noticed Jessica
  1032 | D:2      | Killed Jessica
  1032 | D:2      | Reached skill level 4 in Fighting
  1032 | D:2      | Reached XP level 3. HP: 6/33 MP: 4/4
  1547 | D:2      | Reached XP level 4. HP: 38/40 MP: 4/6
  1973 | D:3      | Found a radiant altar of Vehumet.
  2522 | D:3      | Found a runed translucent gate.
  2522 | D:3      | Found a runed translucent gate.
  2522 | D:3      | Found a runed translucent gate.
  2527 | D:3      | Reached ** piety under Lugonu
  2528 | D:3      | Noticed 0gre's ghost (amateur GnWn)
  2555 | D:3      | Slain by 0gre's ghost

Illustrated notes

Levels and vault maps discovered:
D:1:      doesnt_arrival_eight_statues, layout_basic,
          minmay_misc_feat_nine_boxes
D:2:      layout_rooms, grunt_ministairs_15, minmay_misc_feat_columns,
          uniq_jessica
D:3:      layout_loops_ring, lemuel_round_altar, gammafunk_ghost_necromancy,
          st_stairs_4, minmay_misc_feat_alley

Skill      XL: |  1  2  3  4 |
---------------+-------------+-----
Fighting       | 4 |  4.2
Axes           | 3 |  3.1
Short Blades   | |  0.6
Dodging        | |  2.6
Invocations    | |  2.8

Action                   |  1- 3 |  4- 6 || total
-------------------------+-------+-------++-------
Melee: Hand axe          |    35 |       ||    35
       Short sword       |    25 |    68 ||    93
       Unarmed           |     5 |       ||     5
       Tailslap          |     4 |     4 ||     8
Invok: Depart the Abyss  |     1 |       ||     1
  Use: Potion            |     1 |     4 ||     5
       Scroll            |       |     6 ||     6
 Stab: Sleeping          |       |     1 ||     1
  Eat: Chunk             |     2 |     3 ||     5
Armor: Skin              |    11 |    24 ||    35
Dodge: Dodged            |    54 |    53 ||   107
